 Dungeon Crawl Stone Soup version 0.27.1-15-g792fb953b9 (webtiles) character file.

Game seed: 9148737583534007934

164 ANNNA the Magician (level 5, -13/28 HPs)
             Began as a Deep Elf Venom Mage on Nov 19, 2021.
             Killed from afar by Ijyb (21 damage)
             ... with a bolt of acid
             ... on level 3 of the Dungeon.
             The game lasted 00:09:41 (4211 turns).

ANNNA the Magician (Deep Elf Venom Mage)            Turns: 4211, Time: 00:09:42

Health: -13/28     AC: -1    Str:  6    XL:     5   Next: 21%
Magic:  9/14       EV: 13    Int: 20    God:
Gold:   7          SH:  0    Dex: 15    Spells: 4/14 levels left

rFire    . . .     SeeInvis +   s - +4 rapier
rCold    . . .     Faith    .   (no shield)
rNeg     . . .     Spirit   .   a - +0 robe
rPois    .         Reflect  .   e - +0 helmet
rElec    .         Harm     .   (no cloak)
rCorr    .         Rampage  .   (no gloves)
Will     .....                  (no boots)
Stlth    ++........             (no amulet)
HPRegen  0.09/turn              m - ring of see invisible
MPRegen  0.14/turn              (no ring)

@: corroded
A: no striking features
a: no special abilities


You were on level 3 of the Dungeon.
You visited 1 branch of the dungeon, and saw 3 of its levels.

You collected 128 gold pieces.
You spent 121 gold pieces at shops.

Inventory:

Hand Weapons
 s - a +4 rapier (weapon)
Missiles
 b - 95 stones
 o - 32 poisoned darts (quivered)
Armour
 a - a +0 robe (worn)
 e - a +0 helmet (worn)
Jewellery
 m - a ring of see invisible (left hand)
Scrolls
 d - a scroll of torment {unknown}
 f - a scroll of holy word {unknown}
 g - a scroll of identify
 i - a scroll of magic mapping {unknown}
 l - a scroll of vulnerability {unknown}
 p - a scroll of fear {unknown}
 q - a scroll of blinking {unknown}
 t - a scroll of enchant weapon {unknown}
Potions
 c - 2 potions of ambrosia
 h - a potion of curing {unknown}
 j - a potion of might {unknown}
 k - 2 potions of heal wounds
 n - 2 potions of magic
 r - 2 potions of invisibility


   Skills:
 + Level 0.3 Throwing
 + Level 2.7 Dodging
 + Level 2.8 Stealth
 + Level 5.1 Spellcasting
 + Level 2.3 Transmutations
 + Level 1.2 Air Magic
 + Level 4.3 Poison Magic


You had 4 spell levels left.
You knew the following spells:

 Your Spells              Type           Power      Damage    Failure   Level
a - Sting                 Tmut/Pois      72%        1d6       3%          1
b - Poisonous Vapours     Pois/Air       32%        N/A       5%          2
c - Mephitic Cloud        Conj/Pois/Air  12%        N/A       16%         3
d - Olgreb's Toxic Radia  Pois           22%        N/A       19%         4

Your spell library contained the following spells:

 Spells                   Type           Power      Damage    Failure   Level


Dungeon Overview and Level Annotations

Branches:
Dungeon (3/15)

Altars:
Makhleb
Vehumet
Wu Jian

Shops:
D:3 *

Annotations:
D:3 Ijyb


Message History

You open the door.
There is an open door here.
You open the door.
There is an open door here.
Found a scroll labelled RUEXEH ETA.
t - a scroll labelled RUEXEH ETA Ijyb the Twisted Goblin comes into view.
She is wielding a +3 club and carrying a wand of acid (7).
Press: ? - help, v - describe, . - travel
Here: Ijyb, wielding a +3 club, wearing a +0 chain mail and carrying a wand of acid (7) (asleep)
The floor.
Casting: Poisonous Vapours (safe; 5% risk of failure)
Confirm with . or Enter, or press ? or * to list all spells.
Aiming: Poisonous Vapours (safe; 5% risk of failure)
Press: ? - help, Dir - move target, f - Ijyb
Aim: Ijyb, wielding a +3 club, wearing a +0 chain mail and carrying a wand of acid (7) (asleep) Poisonous vapours surround Ijyb!
Ijyb is poisoned.
Casting: Poisonous Vapours (safe; 5% risk of failure)
Confirm with . or Enter, or press ? or * to list all spells.
Aiming: Poisonous Vapours (safe; 5% risk of failure)
Press: ? - help, Dir - move target, f/p - Ijyb
Aim: Ijyb, wielding a +3 club, wearing a +0 chain mail and carrying a wand of acid (7) (lightly wounded, poisoned) Poisonous vapours surround Ijyb!
Ijyb looks even sicker.
Casting: Poisonous Vapours (safe; 5% risk of failure)
Confirm with . or Enter, or press ? or * to list all spells.
Aiming: Poisonous Vapours (safe; 5% risk of failure)
Press: ? - help, Dir - move target, f/p - Ijyb
Aim: Ijyb, wielding a +3 club, wearing a +0 chain mail and carrying a wand of acid (7) (moderately wounded, very poisoned) Poisonous vapours surround Ijyb!
Ijyb looks even sicker.
Casting: Poisonous Vapours (safe; 5% risk of failure)
Confirm with . or Enter, or press ? or * to list all spells.
Aiming: Poisonous Vapours (safe; 5% risk of failure)
Press: ? - help, Dir - move target, f/p - Ijyb
Aim: Ijyb, wielding a +3 club, wearing a +0 chain mail and carrying a wand of acid (7) (heavily wounded, very poisoned) Poisonous vapours surround Ijyb!
Ijyb looks even sicker.
Ijyb zaps a wand.
The bolt of acid hits you! The acid corrodes you!
You are splashed with acid!
* * * LOW HITPOINT WARNING * * *
Ijyb zaps a wand.
The bolt of acid hits you!!
Ouch! That really hurt!
You die...

#.........#...##########.#
#########.##.## #........#
#.##.####.########
#......g..# ####.######
####.### #....g.# #.##.#.#
. #.##@#.# ... #.##.#.#..#
####.........#
##########.......#.#..#
#.......†..##......#.....
#.#######..##......# ####
#.# #####..###....## .##
#.# #..........#.## ...
#.###.###..#####.# #.#


You could see Ijyb (very poisoned).

Vanquished Creatures
  A crimson imp (D:3)
  Terence (D:3)
  3 gnolls (D:3)
  2 adders (D:2)
  A worm (D:2)
  A dart slug (D:1)
  4 ball pythons
  5 endoplasms
  6 goblins
  3 hobgoblins
  2 jackals (D:1)
  5 kobolds
  5 quokkas
  6 bats
  4 frilled lizards
  7 rats
56 creatures vanquished.

Notes
Turn   | Place    | Note
-------+----------+-------------------------------------------
     0 | D:1      | ANNNA the Deep Elf Venom Mage began the quest for the Orb.
     0 | D:1      | Reached XP level 1. HP: 10/10 MP: 6/6
   658 | D:1      | Reached XP level 2. HP: 15/15 MP: 5/8
   661 | D:1      | Learned a level 2 spell: Poisonous Vapours
  1739 | D:2      | Reached XP level 3. HP: 19/19 MP: 3/10
  2006 | D:2      | Learned a level 3 spell: Mephitic Cloud
  2376 | D:2      | Reached skill level 4 in Spellcasting
  2660 | D:2      | Reached XP level 4. HP: 24/24 MP: 3/12
  2665 | D:2      | Learned a level 4 spell: Olgreb's Toxic Radiance
  3150 | D:3      | Found a burning altar of Makhleb.
  3262 | D:3      | Found a radiant altar of Vehumet.
  3484 | D:3      | Found an ornate altar of the Wu Jian Council.
  3664 | D:3      | Noticed Terence
  3677 | D:3      | Killed Terence
  3678 | D:3      | Reached skill level 5 in Spellcasting
  3833 | D:3      | Found Cellip's Assorted Antiques.
  3871 | D:3      | Reached XP level 5. HP: 28/28 MP: 9/14
  3902 | D:3      | Reached skill level 1 in Air Magic
  4004 | D:3      | Bought a sapphire potion for 19 gold pieces
  4004 | D:3      | Bought a scroll of identify for 44 gold pieces
  4004 | D:3      | Bought a fuming coppery potion for 19 gold pieces
  4004 | D:3      | Bought 2 glowing white potions for 39 gold pieces
  4185 | D:3      | Noticed Ijyb
  4211 | D:3      | Killed from afar by Ijyb

Illustrated notes

Levels and vault maps discovered:
D:1:      matt_arrival_grand_opening, layout_loops_corners
D:2:      layout_basic, minmay_randomly_rotated_circles
D:3:      layout_loops_corners, grunt_temple_overflow_lords_of_destruction,
          nicolae_wu_jian_wuxing_cycle, serial_shops, nicolae_shop_stone,
          uniq_terence, uniq_ijyb

Skill      XL: |  1  2  3  4  5 |
---------------+----------------+-----
Spellcasting   | 4 5 |  5.1
Transmutations | 2 |  2.3
Poison Magic   | 4 |  4.3
Air Magic      | 1 |  1.2
Throwing       | |  0.3
Dodging        | |  2.7
Stealth        | |  2.8

Action                   |  1- 3 |  4- 6 || total
-------------------------+-------+-------++-------
Melee: Unarmed           |     3 |       ||     3
       Dagger            |     5 |     1 ||     6
Throw: Dart              |     6 |     6 ||    12
 Cast: Sting             |    56 |    14 ||    70
       Poisonous Vapours |    21 |    17 ||    38
  Use: Scroll            |       |     4 ||     4
 Stab: Sleeping          |     2 |       ||     2
Armor: Robe              |     6 |       ||     6
Dodge: Dodged            |    37 |     1 ||    38
